 Dungeon Crawl Stone Soup version 0.24-a0-653-g3936067ed8 (webtiles) character file.

Game seed: 17302720564826582985, levelgen mode: deterministic

44 Kae the Insei (level 3, -3/29 HPs)
             Began as a Demonspawn Monk on Sept 27, 2019.
             Slain by Crazy Yiuf
             ... wielding a +4 quarterstaff of chaos
              (4 damage)
             ... on level 2 of the Dungeon.
             The game lasted 00:00:59 (1461 turns).

Kae the Insei (Demonspawn Monk)                     Turns: 1461, Time: 00:01:00

Health: -3/29      AC:  3    Str: 11    XL:     3   Next: 41%
Magic:  3/3        EV: 13    Int: 11    God:
Gold:   97         SH:  0    Dex: 16    Spells: 2/2 levels left

rFire    . . .     SeeInvis .     - Unarmed
rCold    . . .     Gourm    .   (no shield)
rNeg     . . .     Faith    .   a - +1 robe
rPois    .         Spirit   .   (no helmet)
rElec    .         Reflect  .   (no cloak)
rCorr    .         Harm     .   (no gloves)
MR       .....                  (no boots)
Stlth    ++........             (no amulet)
HPRegen  0.09/turn              (no ring)
MPRegen  0.08/turn              (no ring)

@: lightly drained
A: spiny 1
a: no special abilities


You were on level 2 of the Dungeon.
You were not hungry.

You visited 1 branch of the dungeon, and saw 2 of its levels.

You collected 97 gold pieces.

Inventory:

Armour
 a - a +1 robe (worn)
Scrolls
 d - a scroll of magic mapping {unknown}
 g - 3 scrolls of enchant armour
 i - 2 scrolls of teleportation
 j - a scroll of fog {unknown}
 k - a scroll of identify
Potions
 c - 2 potions of mutation
 e - 2 potions of brilliance {unknown}
 f - a potion of heal wounds {unknown}
 h - 2 potions of curing {unknown}
 m - a potion of lignification {unknown}
Comestibles
 b - 2 rations


   Skills:
 - Level 3.0(2.6) Fighting
 - Level 2.6(2.3) Dodging
 - Level 1.7(1.4) Stealth
 + Level 4.1(3.7) Unarmed Combat


You had 2 spell levels left.
You didn't know any spells.
Your spell library was empty.

Dungeon Overview and Level Annotations

Branches:
Dungeon (2/15)

Altars:
The Shining One

Annotations:
D:2 Crazy Yiuf


Innate Abilities, Weirdness & Mutations

You are partially covered in sharp spines.


Message History

No reachable target in view!
No reachable target in view!
No reachable target in view!
As you open the door, it creaks loudly!
You closely miss Crazy Yiuf. Crazy Yiuf is struck by your spines.
Crazy Yiuf closely misses you.
You barely miss Crazy Yiuf.
Crazy Yiuf is lightly wounded.
Crazy Yiuf drinks a potion.
Crazy Yiuf goes berserk!
You hit Crazy Yiuf but do no damage.
Crazy Yiuf is lightly wounded.
Crazy Yiuf hits you with a +4 quarterstaff of chaos!
Ouch! That really hurt!
You hit Crazy Yiuf but do no damage.
Crazy Yiuf is lightly wounded.
Crazy Yiuf is struck by your spines.
Crazy Yiuf hits you with a +4 quarterstaff of chaos!
* * * LOW HITPOINT WARNING * * *
You feel drained.
You die...

.......#
###...............#####
(......#
#...............#....
.......#
##..............#....
.......#
############...#....
.......# #####....
.......# ♣♣♣♣♣### #....
.......# ###
♣♣♣.♣..#.## #####
.......#
#...#♣..♣.PP...## #
########
#...g@♣♣♣♣PP....######
#)..#♣♣ ♣♣.#........#
### ♣♣##.......#
#.......# #........
###........ #..........
#.......... ######.....


You could see Crazy Yiuf (berserk).

Vanquished Creatures
  2 dart slugs
  A leopard gecko (D:1)
  A ball python (D:2)
  4 bats
  A giant cockroach (D:1)
  5 goblins
  6 hobgoblins
  6 jackals
  3 frilled lizards
  3 kobolds
  3 rats
35 creatures vanquished.

Notes
Turn   | Place    | Note
-------+----------+-------------------------------------------
     0 | D:1      | Kae the Demonspawn Monk began the quest for the Orb.
     0 | D:1      | Reached XP level 1. HP: 18/18 MP: 1/1
    86 | D:1      | Reached skill level 3 in Unarmed Combat
   125 | D:1      | Gained mutation: You are partially covered in sharp spines.
                  | [demonic ancestry]
   125 | D:1      | Reached XP level 2. HP: 9/24 MP: 2/2
   395 | D:1      | Found a glowing golden altar of the Shining One.
   838 | D:2      | Reached XP level 3. HP: 29/29 MP: 3/3
  1016 | D:2      | Found a runed translucent door.
  1017 | D:2      | Noticed Crazy Yiuf
  1081 | D:2      | Reached skill level 4 in Unarmed Combat
  1461 | D:2      | HP: 1/29 [Crazy Yiuf/+4 quarterstaff of chaos (12)]
  1461 | D:2      | Slain by Crazy Yiuf

Levels and vault maps discovered:
D:1:      dpeg_arrival_arbitrary_a, layout_loops_ring, kennysheep_flooded_box
D:2:      layout_basic, uniq_crazy_yiuf_cottage

Skill      XL: |  1  2  3 |
---------------+----------+-----
Unarmed Combat | 3 4 |  4.1
Fighting       | |  3.0
Dodging        | |  2.6
Stealth        | |  1.7

Action                   || total
-------------------------++-------
Melee: Unarmed           ||    87
       Punch             ||     1
  Use: Scroll            ||     4
 Stab: Sleeping          ||     4
  Eat: Chunk             ||     2
Armor: Robe              ||    11
Dodge: Dodged            ||    47

Table legend:
 A = Non-vault XP
 B = Vault XP
 C = Vault XP percentage of total XP
 D = Non-vault monster count
 E = Vault monster count
 F = Vault count percentage of total count
                 A         B        C        D         E       F
            +---------+---------+-------+---------+---------+-------
      Total |      64 |       0 |   0.0 |      35 |       0 |   0.0
            +---------+---------+-------+---------+---------+-------
        D:1 |      36 |       0 |   0.0 |      19 |       0 |   0.0
        D:2 |      28 |       0 |   0.0 |      16 |       0 |   0.0
            +---------+---------+-------+---------+---------+-------
